[Event "44th Chess Olympiad Women 2022"]
[Site "Chennai"]
[Date "2022.07.29"]
[Round "1.34"]
[White "Cramling, Pia"]
[Black "Lyons, Kieran"]
[Result "1-0"]
[ECO "A90"]
[WhiteElo "2459"]
[BlackElo "1767"]
[Annotator "TA"]
[PlyCount "51"]
[EventDate "2022.07.29"]
[EventType "team-tourn"]
[EventCountry "IND"]
[SourceTitle "playchess.com"]
[Source "ChessBase"]
[SourceQuality "1"]
[WhiteTeam "Sweden"]
[BlackTeam "Fiji"]
[WhiteTeamCountry "SWE"]
[BlackTeamCountry "FIJ"]
[TimeControl "40/5400+30:1800+30"]

1. d4 f5 2. g3 e6 3. Bg2 Nf6 4. c4 c6 5. Qc2 d6 {[%emt 0:01:29] [#]} 6. Bf4 $146 {[%emt 0:15:03] A90: Dutch Defence: Miscellaneous and Modern Stonewall (with ...Bd6).} ({Predecessor:} 6. Nf3 e5 7. Nc3 e4 8. Ng1 Be6 9. Bg5 h6 10. Bxf6 Qxf6 11. Qb3 Nd7 12. Qxb7 Rb8 13. Qxa7 Rxb2 {½-½ (45) Navara,D (2734)-Agdestein,S (2606) Berlin 2015}) 6... Be7 7. Nc3 O-O 8. Nf3 {[%emt 0:09:30] White is slightly better.} h6 9. e4 {[%emt 0:10:36] White is more active.} (9. Rd1 $14) 9... g5 (9... Nxe4 $11 {keeps the balance.} 10. Nxe4 fxe4 11. Qxe4 e5 12. dxe5 Bf5) 10. Bd2 Kg7 (10... Na6 $16) 11. O-O-O $18 Nbd7 12. exf5 exf5 13. Rhe1 ({Worse is} 13. Qxf5 Ng4 $1 14. Qc2 (14. Qxg4 $2 Nf6 $19) 14... Nxf2 $17) 13... Nb6 14. b3 a5 (14... d5 $16) 15. a4 (15. d5 $18 c5 16. a4) 15... Qc7 (15... d5 $16 {was called for.}) 16. Kb2 Rf7 17. h4 g4 {[%emt 0:01:14] [#]} 18. Ng1 (18. Nh2 $1 $18) 18... d5 $16 19. cxd5 cxd5 20. Qc1 Ng8 $2 (20... Kh7 $16) 21. Nxd5 $18 ({Much less strong is} 21. Bxd5 Nxd5 22. Nxd5 Qxc1+ 23. Rxc1 Bd8 $18) 21... Qd6 22. Nxe7 {[%emt 0:00:52] Chess con chili.} Rxe7 23. Qc5 Qxc5 24. dxc5 Rxe1 (24... Nd7 25. Bc3+ Kf8) 25. Bxe1 Nd7 {[%emt 0:00:42] [#]} 26. Bxb7 $1 {[%emt 0:01:08][%mdl 512] Weighted Error Value: White=0.21 (precise) /Black=0.52} 1-0

[Event "44th Chess Olympiad Women 2022"]
[Site "Chennai"]
[Date "2022.07.29"]
[Round "1.34"]
[White "Cramling Bellon, Anna"]
[Black "Terubea, Cydel"]
[Result "1-0"]
[ECO "D35"]
[WhiteElo "2065"]
[BlackElo "1450"]
[Annotator "TA"]
[PlyCount "83"]
[EventDate "2022.07.29"]
[EventType "team-tourn"]
[EventCountry "IND"]
[SourceTitle "playchess.com"]
[Source "ChessBase"]
[SourceQuality "1"]
[WhiteTeam "Sweden"]
[BlackTeam "Fiji"]
[WhiteTeamCountry "SWE"]
[BlackTeamCountry "FIJ"]
[TimeControl "40/5400+30:1800+30"]

1. d4 d5 2. c4 e6 3. Nc3 Nf6 4. cxd5 exd5 5. Bg5 Be7 6. e3 O-O 7. Bd3 h6 8. Bf4 a6 {[%emt 0:01:45] 8...c5 is setting a new trend. D35: Queen's Gambit Declined: Exchange Variation.} 9. h3 c5 10. dxc5 Bxc5 {[%emt 0:00:27] The position is equal.} 11. Nf3 Nc6 12. O-O Re8 13. Rc1 Ba7 14. Ne2 {[%emt 0:09:31] [#]} Nb4 $146 ({Predecessor:} 14... Qb6 15. b3 Ne4 16. Nc3 Qa5 17. Bxe4 dxe4 18. Nd2 Qf5 19. Kh2 Bb8 20. Bxb8 Rxb8 {½-½ (41) Hildebrand,G (2334)-Alascio Ruiz,J (2270) ICCF email 2017}) 15. Bb1 Nc6 16. Ned4 Bd7 17. a3 Nh5 18. Bh2 Bb8 19. Bxb8 Rxb8 20. Nxc6 bxc6 21. b4 a5 $1 22. Nd4 $36 {[%emt 0:11:47][%mdl 2048] White is more active.} Nf6 23. bxa5 Qxa5 24. Bf5 c5 $2 {[%emt 0:02:20][%mdl 8192] [#] This move loses the game for Black.} (24... Bxf5 $11 25. Nxf5 c5) 25. Bxd7 $18 cxd4 26. Bxe8 Rxe8 27. Qxd4 Qxa3 28. Rc3 Qa2 29. Rfc1 Ne4 30. R3c2 Qa5 31. f3 {[%emt 0:05:02] [#] And now Rc8 would win.} Ng3 $2 (31... Ng5 32. Rc5 Qa8 33. Rxd5 Qa3) 32. Qg4 Rxe3 33. Qxg3 {[%emt 0:00:21] aiming for Qb8+.} Qb6 {[%emt 0:01:13] Against Qb8+} 34. Qf2 d4 35. Rd2 Qa6 36. Rxd4 Re2 37. Qf1 Qa2 38. Re4 Qa7+ 39. Kh1 Rf2 40. Re8+ {[%emt 0:00:38] White mates.} Kh7 41. Qd3+ g6 42. Qc3 {[%emt 0:01:33] Weighted Error Value: White=0.11 (very precise) /Black=0.72} 1-0

[Event "44th Chess Olympiad Women 2022"]
[Site "Chennai"]
[Date "2022.07.29"]
[Round "1.34"]
[White "Sewak, Aarti"]
[Black "Agrest, Inna"]
[Result "0-1"]
[ECO "A49"]
[WhiteElo "1412"]
[BlackElo "2217"]
[Annotator "TA"]
[PlyCount "76"]
[EventDate "2022.07.29"]
[EventType "team-tourn"]
[EventCountry "IND"]
[SourceTitle "playchess.com"]
[Source "ChessBase"]
[SourceQuality "1"]
[WhiteTeam "Fiji"]
[BlackTeam "Sweden"]
[WhiteTeamCountry "FIJ"]
[BlackTeamCountry "SWE"]
[TimeControl "40/5400+30:1800+30"]

1. d4 Nf6 2. g3 g6 3. Nf3 Bg7 4. Bg2 O-O 5. O-O d6 6. Nc3 Na6 7. Bg5 {[%emt 0:01:35] [#] A49: 1 d4 Nf6 2 Nf3 g6 3 g3: Anti-King's Indian systems.} c5 $146 ({Predecessor:} 7... h6 8. Bxf6 Bxf6 9. Qd2 Bg7 10. Rad1 c6 11. a3 Nc7 12. e4 Be6 13. Ne2 Kh7 14. h3 Qc8 {0-1 (39) Peschardt,S (2069)-Hansen,R (1947) Ballerup 2010}) 8. e3 Rb8 9. Bxf6 {[%emt 0:02:03] The position is equal.} Bxf6 10. a3 b6 11. Nd5 Bg7 12. Re1 Bb7 13. Nf4 (13. Nc3 $15) 13... e5 $17 14. Ne2 Nc7 (14... cxd4 $17 15. exd4 e4) 15. c3 $15 Re8 16. Nh4 ({White should try} 16. b4 $15) 16... e4 $17 17. Bh1 (17. Bh3 $142) 17... Ne6 {[%emt 0:02:57] Black is more active.} 18. Nf4 (18. Rb1 $17 {was called for.}) 18... Nxf4 $19 19. exf4 cxd4 20. cxd4 Qf6 21. Re2 d5 (21... Rbc8 $142 22. d5 Rc4) 22. Rd2 $17 Rbc8 {[%emt 0:01:53] Hoping for ...Rc4.} 23. Qb3 (23. Qe2 $142) 23... Rc4 24. Rad1 {[%emt 0:00:00] [#]} Bc6 ({Better is} 24... Bc8 $1 $19 {[%cal Rc8g4] aiming for ...Bg4.} 25. Ng2 Bg4) 25. Qe3 Bd7 $36 {[%emt 0:01:14][%mdl 2048] Black has strong initiative. A strong pair of Bishops.} 26. b3 (26. Bg2 $17 {was necessary.}) 26... Rc7 $19 27. Bg2 Rec8 28. Rb1 (28. Bf1 $142) 28... Rc1+ 29. Rd1 Rxb1 30. Rxb1 Rc2 ({Not} 30... Qxd4 $2 31. Qxd4 Bxd4 32. Rd1) 31. Rd1 Qc6 32. f3 $2 (32. Bf1) 32... Rc3 {[%emt 0:02:11] Black is clearly winning.} 33. Qe2 f5 34. Qb2 (34. Bf1 $142) 34... Rc2 35. Qa1 e3 {[%emt 0:01:01][%cal Be4e3,Be3e2][%mdl 32] [#] White must now prevent ...e2.} 36. Re1 e2 {[%emt 0:02:22] ...Rd2 is the strong threat.} 37. Bh3 Rd2 38. Kg2 Qc2 {[%emt 0:00:52] Weighted Error Value: White=0.88/Black=0.14 (very precise)} 0-1

[Event "44th Chess Olympiad Women 2022"]
[Site "Chennai"]
[Date "2022.07.29"]
[Round "1.34"]
[White "Prasad, Tanvi"]
[Black "Andric, Jelena"]
[Result "0-1"]
[ECO "E12"]
[WhiteElo "1165"]
[BlackElo "1993"]
[Annotator "TA"]
[PlyCount "144"]
[EventDate "2022.07.29"]
[EventType "team-tourn"]
[EventCountry "IND"]
[SourceTitle "playchess.com"]
[Source "ChessBase"]
[SourceQuality "1"]
[WhiteTeam "Fiji"]
[BlackTeam "Sweden"]
[WhiteTeamCountry "FIJ"]
[BlackTeamCountry "SWE"]
[TimeControl "40/5400+30:1800+30"]

1. d4 e6 2. c4 b6 3. Nc3 Bb7 4. Nf3 Nf6 5. Bg5 Be7 6. e3 d6 7. Bd3 Nbd7 8. O-O h6 9. Bh4 O-O 10. h3 {[%emt 0:01:44] [#] E12: Queen's Indian: Unusual White 4th moves, 4 a3, 4 Nc3 Bb7 5 a3 and 4 Nc3 Bb7 .} Re8 $146 ({Predecessor:} 10... c5 11. Qe2 Rc8 12. Rfd1 cxd4 13. exd4 Re8 14. Bg3 a6 15. b4 Bf8 16. Rab1 {½-½ (16) Norowitz,Y (2420)-Margvelashvili,G (2582) Nassau 2012}) 11. Qc2 c5 12. Be2 {[%emt 0:08:37] The position is equal.} cxd4 (12... Rc8 {seems wilder.} 13. Rfd1 d5 14. Rac1 dxc4 15. Ne5 Nd5) 13. exd4 (13. Nxd4 $11 Rc8 14. Rac1) 13... Rc8 14. a4 Bxf3 15. gxf3 (15. Bxf3 $15 Rxc4 16. Rfd1) 15... d5 $17 16. b3 Nh5 17. Bg3 Bh4 18. Kh2 Nxg3 (18... Bg5 $17 19. f4 Nxf4) 19. fxg3 $15 Qc7 20. Rg1 Bf6 $36 {[%emt 0:02:23][%cal Bh4f6,Bf6e7,Be7c5][%mdl 2080] Black has good play.} 21. Rad1 dxc4 (21... Nb8 $17 {...Nc6 is the strong threat.} 22. Qd2 Red8) 22. bxc4 Qb8 23. Ne4 Be7 24. Qd3 Red8 25. Rc1 (25. Qb3 $15 {feels stronger.}) 25... Nc5 26. Nxc5 ({White should play} 26. Qe3 $15 Nxe4 27. Qxe4) 26... Bxc5 $19 ({Inferior is} 26... bxc5 27. d5 $15) 27. Rgd1 Rxd4 28. Qb3 (28. Qc2 $142) 28... Rcd8 29. Rxd4 Rxd4 (29... Bxd4 $2 {loses.} 30. Rd1 $17) 30. Rd1 Qe5 31. Qc2 Qe3 {[%emt 0:01:17] ( -> ...Qf2+)} 32. Bd3 (32. h4 {might work better.}) 32... Qxf3 33. Bh7+ Kh8 34. Rxd4 (34. Bd3 $142) 34... Bxd4 {[%emt 0:00:10][%mdl 4096] Endgame KQB-KQB} 35. Be4 Qf2+ (35... Qe3 $142 36. Qg2 f5) 36. Qxf2 Bxf2 {[%emt 0:00:04] KB-KB} 37. Kg2 Bc5 38. Kf3 Kg8 39. Bc6 Kf8 40. g4 Ke7 41. Ke4 Kd6 (41... g6 $19 {Threatens to win with ...f5+.} 42. Ke5 f6+ 43. Kf4 f5) 42. Be8 $17 f6 43. Bg6 (43. h4 $17) 43... Bf2 $19 44. Be8 Kc5 45. Kd3 Kb4 46. Bd7 e5 47. Bb5 Ka5 48. Bc6 Kb4 49. Bb5 $1 Kb3 50. Bc6 (50. Ke4 $17) 50... Bc5 51. Bb5 g6 52. Be8 $2 (52. Ke4 {is tougher.}) 52... f5 53. Bxg6 (53. Kd2 $142 f4 54. Kd3) 53... e4+ 54. Ke2 fxg4 (54... Kxa4 55. Bxf5 Kb3 56. Bxe4 a5) 55. hxg4 {[%emt 0:00:00] [#]} e3 56. Be8 Kxc4 57. Bb5+ Kb4 58. Kd1 a6 59. Bxa6 Kxa4 60. Be2 b5 61. Kc2 b4 {[%emt 0:00:44] aiming for ...b3+.} 62. Bc4 {[%emt 0:00:49] Inhibits b3+.} Ka3 63. Kb1 $2 {[%emt 0:01:24] [#]} (63. Bd3 $19) 63... b3 {[%emt 0:00:15] Black mates.} 64. Bd3 Kb4 65. Kc1 Kc3 66. Be2 b2+ 67. Kb1 Kd2 68. Bf1 Bd4 69. Bc4 e2 70. Bxe2 Kxe2 71. Ka2 Kf3 72. Kb1 Kxg4 {[%emt 0:00:05] Weighted Error Value: White=0.38/Black=0.23 (precise)} 0-1

[Event "44th Chess Olympiad Women 2022"]
[Site "Chennai"]
[Date "2022.07.29"]
[Round "1.35"]
[White "Zhang, Jilin"]
[Black "da Silva, Sonizia A.Tilman"]
[Result "1-0"]
[ECO "C45"]
[WhiteElo "2212"]
[BlackElo "1507"]
[Annotator "TA"]
[PlyCount "99"]
[EventDate "2022.07.29"]
[EventType "team-tourn"]
[EventCountry "IND"]
[SourceTitle "playchess.com"]
[Source "ChessBase"]
[SourceQuality "1"]
[WhiteTeam "Australia"]
[BlackTeam "TLS"]
[WhiteTeamCountry "AUS"]
[TimeControl "40/5400+30:1800+30"]

1. e4 Nc6 2. Nf3 e5 3. d4 exd4 4. Nxd4 Nxd4 5. Qxd4 b6 6. Nc3 Nf6 {[%emt 0:01:04] [#]} 7. Bg5 ({White should play} 7. e5 $1 $18 Ng8 8. Bc4) 7... Bc5 $16 {[%emt 0:02:20] C45: Scotch Game.} 8. Qd2 (8. Qe5+ $16 Be7 9. Bxf6 gxf6 10. Qg3) 8... h6 $14 {[%emt 0:01:40] [#]} 9. Be3 $146 ({Predecessor:} 9. Bh4 d6 10. Bb5+ Bd7 11. Bxd7+ Qxd7 12. Bxf6 gxf6 13. Nd5 Qd8 14. O-O-O c6 15. Nf4 {0-1 (25) Niazi,S (1118)-Shabani,M Chess.com INT 2021}) 9... Bb4 (9... Qe7 $14) 10. f3 $16 Qe7 11. a3 Bd6 12. O-O-O Bb7 13. g4 (13. Nb5 $16) 13... Bc6 (13... Be5 $14) 14. Nb5 Be5 15. Nd4 {[%emt 0:00:44] Threatens to win with Nf5.} Bb7 $2 (15... O-O-O $16) 16. Nf5 $1 $18 Qf8 17. Bd4 $2 (17. f4 $18 {and White stays clearly on top.} O-O-O 18. fxe5 Nxe4 19. Qe1) 17... Bxd4 $16 18. Qxd4 {[%emt 0:00:09] [#] Strongly threatening e5.} O-O-O 19. Qa4 ({White should try} 19. Bc4 $16) 19... Kb8 $14 20. Ba6 Bc6 21. Qc4 $36 {[%emt 0:02:22][%mdl 2048] White is pushing.} g6 22. Nd4 {[%emt 0:01:11] White is much more active. The black rooks are badly placed.} Qd6 (22... Ba8 $16) 23. Kb1 $2 (23. e5 $18 {and the rest is easy.} Bd5 24. exd6 Bxc4 25. dxc7+ Kxc7 26. Bxc4) 23... Nh7 (23... Ba8 $16) 24. h4 $18 ({Don't play} 24. Qxf7 Ng5 25. Qc4 Ne6 $16) 24... f5 $2 (24... Ba8 25. Qxf7 Rdf8) 25. gxf5 gxf5 26. Nxf5 Qe6 (26... Qc5 $142 27. Nxh6 Qxc4 28. Bxc4 Rde8) 27. Qxe6 dxe6 28. Nxh6 {[%emt 0:00:16] Black must now prevent Nf7.} Rdf8 29. Ng4 Bb7 30. Bxb7 Kxb7 31. Ne5 {[%emt 0:00:02] And now Ng6 would win.} Nf6 $2 (31... Rf6 32. Ka2 Kc8) 32. Ng6 Nh5 33. Nxh8 Rxh8 {[%emt 0:00:10][%mdl 4096] Endgame KRR-KRN} 34. Rdg1 Rf8 35. Rg5 Nf4 36. h5 Rh8 37. h6 e5 38. h7 Rxh7 39. Rxh7 {[%emt 0:02:27] White mates.} a5 40. Rxe5 Ng6 41. Rg5 Nf4 42. Rgg7 Ne6 43. Re7 Ng5 44. Rxc7+ Kb8 45. Rb7+ Kc8 46. Rhc7+ Kd8 47. Rg7 Kc8 48. Rbe7 Kd8 49. Ra7 Nf7 50. Rg8# {[%emt 0:00:13] Weighted Error Value: White=0.63/Black=0.74} 1-0

[Event "44th Chess Olympiad Women 2022"]
[Site "Chennai"]
[Date "2022.07.29"]
[Round "1.35"]
[White "Phan, Nguyen Mai Chi"]
[Black "dos Santos, Elfiana"]
[Result "1-0"]
[ECO "D05"]
[WhiteElo "2139"]
[BlackElo "1560"]
[Annotator "TA"]
[PlyCount "71"]
[EventDate "2022.07.29"]
[EventType "team-tourn"]
[EventCountry "IND"]
[SourceTitle "playchess.com"]
[Source "ChessBase"]
[SourceQuality "1"]
[WhiteTeam "Australia"]
[BlackTeam "TLS"]
[WhiteTeamCountry "AUS"]
[TimeControl "40/5400+30:1800+30"]

1. d4 d5 2. Nf3 Nf6 3. e3 e6 4. Bd3 Be7 5. Nbd2 Nc6 6. a3 {[%emt 0:00:42] D05: Colle System with ...e6.} Bd7 (6... a5 $14) 7. b3 O-O 8. Bb2 {[%emt 0:01:15] White is better.} b6 {[%emt 0:02:04] [#]} 9. h4 $146 ({Better is} 9. c4 $16) ({Predecessor:} 9. O-O a6 10. Ne5 Qc8 11. f4 Bd6 12. Qf3 Bxe5 13. fxe5 Ne8 14. Qh5 h6 15. Qf3 {1-0 (62) Balan,D-Olteanu,S Chess.com INT 2020}) 9... a6 10. Qe2 Nb8 11. Ne5 Bb5 12. c4 {[%emt 0:02:24] White is more active.} dxc4 13. bxc4 Bc6 (13... Ba4 $16) 14. Nxc6 $18 Nxc6 {[%emt 0:00:48] [#]} 15. g4 $1 Ne8 16. Be4 Qd7 {[%emt 0:01:54][%mdl 8192] This costs Black the game.} (16... Na5 $16 {was called for.} 17. Bxa8 Qxa8) 17. Qf3 Nxd4 18. exd4 ({Don't do} 18. Bxd4 Rd8 19. Bc6 Qc8 $18) 18... Rd8 19. Bc6 Qd6 {[%emt 0:02:50] [#]} (19... Qc8 $142 20. Kf1 b5) 20. Ne4 $1 Qxc6 {[%emt 0:03:09] [#]} 21. Nf6+ $1 {[%emt 0:02:30][%mdl 576] Discovered Attack} Bxf6 (21... Nxf6 22. Qxc6) 22. Qxc6 Bxd4 23. Bxd4 Rxd4 24. Rd1 Rxg4 25. Rd8 {[%emt 0:00:12] White threatens Qxe8 and mate.} Nf6 26. Qxc7 g6 27. Rh3 {[%emt 0:03:08] Intending Rf3 and mate.} Rxd8 28. Qxd8+ Kg7 29. Rf3 Re4+ 30. Kd1 Ng4 31. Qc7 Ne5 32. Re3 Rxe3 33. fxe3 Nd3 34. Kd2 Nb2 35. Qc6 Nxc4+ 36. Qxc4 {[%emt 0:00:05] Weighted Error Value: White=0.30/Black=0.53} 1-0

[Event "44th Chess Olympiad Women 2022"]
[Site "Chennai"]
[Date "2022.07.29"]
[Round "1.35"]
[White "Gusmao, Maria do Ceu"]
[Black "Richards, Heather S"]
[Result "0-1"]
[ECO "A21"]
[WhiteElo "1442"]
[BlackElo "2146"]
[Annotator "TA"]
[PlyCount "71"]
[EventDate "2022.07.29"]
[EventType "team-tourn"]
[EventCountry "IND"]
[SourceTitle "playchess.com"]
[Source "ChessBase"]
[SourceQuality "1"]
[WhiteTeam "TLS"]
[BlackTeam "Australia"]
[BlackTeamCountry "AUS"]
[TimeControl "40/5400+30:1800+30"]

1. c4 d6 2. Nc3 e5 3. a3 f5 4. e3 Nf6 5. d3 {[%emt 0:01:33] [#]} c6 $146 ({Predecessor:} 5... Be6 6. Nf3 c6 7. Be2 Be7 8. O-O O-O 9. Qc2 h6 10. b4 Nbd7 11. Rb1 g5 {0-1 (28) Vukusic,M (2121)-Blazeka,M (2013) Zagreb 2009}) 6. b3 {[%emt 0:02:35] A21: English Opening: 1...e5 2 Nc3.} g6 7. h3 Bg7 8. Rb1 {[%emt 0:00:25] The position is equal.} O-O 9. Bb2 Nbd7 10. h4 (10. Be2 $11 {keeps the balance.}) 10... Nc5 11. Be2 h6 12. b4 Ne6 {[%emt 0:00:08] Black is more active.} 13. Nh3 ({White should play} 13. Rc1 $15) 13... a5 14. f4 $2 {[%emt 0:02:24] This move loses the game for White.} (14. b5 $17 {keeps fighting.}) 14... axb4 15. axb4 {[%emt 0:00:48] [#]} Ng4 $1 16. g3 Nxe3 17. Qc1 exf4 18. Nxf4 Nxf4 19. gxf4 Re8 {[%emt 0:03:36] And now ...Qb6 would win.} 20. Kf2 $2 (20. Nd1 Ng2+ 21. Kf2) 20... d5 $19 21. Nd1 d4 22. Rh3 (22. Nxe3 $142 Rxe3 23. Qf1) 22... Qd6 23. Kg3 (23. Kg1 $142 Ng2 24. Kxg2 Rxe2+ 25. Nf2) 23... g5 24. hxg5 hxg5 {[%emt 0:00:05][%csl Gg5][%cal Rd6f4,Bh6g5,Bg5g4][%mdl 32] [#]} 25. Kf2 Qxf4+ 26. Kg1 g4 27. Rxe3 dxe3 28. Bxg7 Kxg7 (28... Qg3+ $142 29. Kf1 Qh3+ 30. Ke1 Qh1+ 31. Bf1 e2 32. Bb2 exf1=N+ 33. Qe3 Nxe3+ 34. Kd2 Qg2+ 35. Nf2 Qxf2+ 36. Kc3 Qc2+ 37. Kd4 b6 38. Bc3 Re4+ 39. dxe4 Qxe4#) 29. Kg2 Rh8 30. Qxe3 Rh2+ 31. Kg1 Qxe3+ 32. Nxe3 Rxe2 33. Nf1 Raa2 {[%emt 0:00:09] Black mates.} 34. Rd1 f4 35. Kh1 Kg6 36. Kg1 {Weighted Error Value: White=1.45/Black=0.13 (very precise)} 0-1

[Event "44th Chess Olympiad Women 2022"]
[Site "Chennai"]
[Date "2022.07.29"]
[Round "1.35"]
[White "Tilman, Zulmira Americo"]
[Black "Ryjanova, Julia"]
[Result "0-1"]
[ECO "E52"]
[WhiteElo "1255"]
[BlackElo "2284"]
[Annotator "TA"]
[PlyCount "88"]
[EventDate "2022.07.29"]
[EventType "team-tourn"]
[EventCountry "IND"]
[SourceTitle "playchess.com"]
[Source "ChessBase"]
[SourceQuality "1"]
[WhiteTeam "TLS"]
[BlackTeam "Australia"]
[BlackTeamCountry "AUS"]
[TimeControl "40/5400+30:1800+30"]

1. d4 Nf6 2. c4 e6 3. Nc3 Bb4 4. Bd2 b6 5. e3 Bb7 6. Nf3 O-O 7. Bd3 d5 8. O-O c5 9. cxd5 {[%emt 0:05:26] The main line 9.cxd5 scores better than 9.a3.} exd5 10. Qc2 Nbd7 11. Ng5 {[%emt 0:04:58][%cal Rd3h7] E52: Nimzo-Indian: Rubinstein: 4...0-0 5 Nf3 d5 6 Bd3 b6.} h6 {[%emt 0:06:57] [#]} 12. Bh7+ $146 {[%emt 0:00:28][%mdl 8192] [#]} (12. Nf3 $11 {and White has nothing to worry.}) ({Predecessor:} 12. Nf3 Rc8 13. Bf5 Re8 14. Rac1 Ne4 15. Qb3 a5 16. Rfd1 c4 17. Qc2 Nd6 18. Bh3 b5 {0-1 (61) Meiners,E (2183)-Sawaski,J (2002) ICCF email 2010}) 12... Kh8 $19 13. Bd3 {[%emt 0:16:45] Black has a decisive advantage.} hxg5 14. h3 Qe7 15. f4 Ne4 16. Qd1 g6 17. a3 Bxc3 18. bxc3 Rae8 19. Ra2 $2 {[%emt 0:01:51] [#]} (19. Bxe4 dxe4 20. fxg5) 19... Nxd2 20. Rxd2 c4 21. Bc2 Qxe3+ 22. Kh1 gxf4 {[%emt 0:06:36] aiming for ...Nf6.} 23. Rf3 Qe1+ 24. Qxe1 Rxe1+ 25. Kh2 Nf6 26. Rxf4 Ne4 27. Rd1 Rxd1 28. Bxd1 Nxc3 29. Bc2 Kg7 30. Rf3 Ne2 31. a4 Nxd4 32. Rf2 Nxc2 33. Rxc2 {[%emt 0:00:39][%mdl 4096] Endgame KRB-KR} Rc8 {[%emt 0:00:07] Black mates.} 34. Kg1 d4 35. Kf1 c3 36. Ke2 Be4 37. Rc1 d3+ 38. Ke3 d2 39. Ra1 Bc2 40. Ke2 Re8+ 41. Kf2 d1=Q 42. Ra3 Qe1+ 43. Kf3 Qe3+ 44. Kg4 Re4# {[%emt 0:00:05] White got outplayed after the opening.  Weighted Error Value: White=1.05/Black=0.11 (very precise)} 0-1

[Event "44th Chess Olympiad Women 2022"]
[Site "Chennai"]
[Date "2022.07.29"]
[Round "1.36"]
[White "Alboredo, Julia"]
[Black "Ben Said, Safa"]
[Result "1-0"]
[ECO "C11"]
[WhiteElo "2264"]
[BlackElo "1564"]
[Annotator "TA"]
[PlyCount "51"]
[EventDate "2022.07.29"]
[EventType "team-tourn"]
[EventCountry "IND"]
[SourceTitle "playchess.com"]
[Source "ChessBase"]
[SourceQuality "1"]
[WhiteTeam "Brazil"]
[BlackTeam "Tunisia"]
[WhiteTeamCountry "BRA"]
[BlackTeamCountry "TUN"]
[TimeControl "40/5400+30:1800+30"]

1. e4 e6 2. d4 d5 3. Nc3 Nf6 4. e5 Nfd7 5. f4 c5 6. Nf3 Nc6 7. Be3 cxd4 8. Nxd4 Nxd4 9. Bxd4 Bb4 {[%emt 0:04:09] C11: French: Classical System: 4 e5 and 4 Bg5 dxe4.} 10. Qg4 O-O 11. O-O-O Bc5 {[%emt 0:11:01] White is slightly better.} 12. h4 {[%emt 0:10:49] [#]} Qe7 $146 ({Predecessor:} 12... Bxd4 13. Rxd4 f5 14. Qf3 Qb6 15. Rd2 Nc5 16. g4 Ne4 17. Rg2 Nxc3 18. Qxc3 Rf7 {1-0 (29) Umanec,F (2175)-Vojta,P (2173) Ricany 2009}) 13. h5 Bxd4 14. Rxd4 f6 15. exf6 (15. h6 $5 g6 16. exf6 Qxf6 17. Qd1 $14) 15... Qxf6 {[%emt 0:00:51] [#]} 16. Qd1 {[%emt 0:01:49] 0x0.001b83f3bf0bdp-1022s more active pieces.} Qh6 (16... Nb8 $142) 17. Qd2 $16 Nf6 (17... e5 $16 {was worth a try.} 18. fxe5 (18. Rxd5 Qxf4 19. Qxf4 exf4 $16) 18... Qxd2+ 19. Rxd2 Nxe5 20. Rxd5 Nf7) 18. Be2 $18 {[%emt 0:00:42] And now g4 would win.} b6 $2 (18... Nd7 {was called for.} 19. g4 Qf6) 19. g4 e5 (19... Nxg4 $142 20. Bxg4 Rf7) 20. g5 Ne4 21. Rxe4 Qc6 22. Nxd5 {[%emt 0:05:57] [#] Strongly threatening Ne7+.} Kh8 23. h6 Bf5 24. hxg7+ Kxg7 25. Rxe5 Rfe8 26. Rxf5 {[%emt 0:00:25] Weighted Error Value: White=0.04 (flawless) /Black=1.21} 1-0

[Event "44th Chess Olympiad Women 2022"]
[Site "Chennai"]
[Date "2022.07.29"]
[Round "1.36"]
[White "Terao, Juliana Sayumi"]
[Black "Laaribi, Mariem"]
[Result "1-0"]
[ECO "B22"]
[WhiteElo "2223"]
[BlackElo "1278"]
[Annotator "TA"]
[PlyCount "49"]
[EventDate "2022.07.29"]
[EventType "team-tourn"]
[EventCountry "IND"]
[SourceTitle "playchess.com"]
[Source "ChessBase"]
[SourceQuality "1"]
[WhiteTeam "Brazil"]
[BlackTeam "Tunisia"]
[WhiteTeamCountry "BRA"]
[BlackTeamCountry "TUN"]
[TimeControl "40/5400+30:1800+30"]

1. e4 c5 2. c3 d6 3. d4 cxd4 4. cxd4 Nf6 5. Nc3 e6 6. Nf3 Be7 7. Bd3 O-O 8. O-O {[%emt 0:00:35] White is more active. B22: Sicilian: 2 c3.} Bd7 9. Qe2 (9. Qc2 $16) 9... Bc6 10. Rd1 {[%emt 0:01:30] White is better.} Nbd7 {[%emt 0:01:18] [#]} 11. Bc2 $146 {[%emt 0:06:39] d5 is the strong threat.} ({Predecessor:} 11. d5 exd5 12. exd5 Nxd5 13. Nxd5 Bxd5 14. Bxh7+ Kxh7 15. Qd3+ Kg8 16. Qxd5 Qb6 17. b3 {1-0 (36) Alarcon Morales,E (1959)-Blanco,J Mexico City 2014}) 11... d5 12. e5 Ne4 13. Nxe4 dxe4 14. Bxe4 Bxe4 15. Qxe4 b5 {[%emt 0:01:46] [#]} (15... Qc7 $16) 16. d5 ({White should try} 16. Qg4 $1 $18) 16... Nc5 {[%emt 0:02:41] [#] This move loses the game for Black.} (16... exd5 $16 {was called for.} 17. Qxd5 (17. Rxd5 Nc5 $16) 17... Nb6) 17. Qg4 $1 $18 {[%emt 0:03:12] Hoping for Bh6.} f5 18. exf6 Bxf6 19. Be3 Nb7 (19... Na4 {is a better defense.} 20. dxe6 Qe8) 20. dxe6 Qe7 (20... Qe8 $142 21. Rd7 Nd8) 21. Rd7 Qe8 22. Rxb7 a6 23. Rd1 {[%emt 0:01:48] Black must now prevent Bd4.} Qc6 24. Rdd7 Kh8 25. Rbc7 {[%emt 0:02:12] Weighted Error Value: White=0.11 (very precise) /Black=1.01} 1-0